[Event "*** Titled Tuesday Blitz"]
[Site "Chess.com"]
[Date "2020.04.21"]
[Round "5"]
[White "BvsN"]
[Black "Mizner"]
[Result "1-0"]
[WhiteElo "2381"]
[BlackElo "2503"]
[TimeControl "180+1"]
[EndTime "10:53:21 PDT"]
[Termination "BvsN won by resignation"]

1. d4 d5 2. c4 e6 3. Nc3 Nf6 4. cxd5 Nxd5 5. e4 Nxc3 6. bxc3 c5 7. a3 cxd4 8. cxd4 e5 9. Nf3 exd4 10. Bc4 Bc5 11.
Ng5 Be6 12. Bxe6 fxe6 13. Nxe6 Qe7 14. Qh5+ g6 15. Qe5 Rg8 16. Bg5 Bd6 17. Qd5 1-0

[Event "*** Titled Tuesday Blitz"]
[Site "Chess.com"]
[Date "2020.04.21"]
[Round "5"]
[White "Anurag328"]
[Black "Problematique_99"]
[Result "1-0"]
[WhiteElo "2717"]
[BlackElo "2518"]
[TimeControl "180+1"]
[EndTime "10:53:25 PDT"]
[Termination "Anurag328 won by resignation"]

1. c4 g6 2. g3 Bg7 3. Bg2 d6 4. Nc3 Nf6 5. d3 O-O 6. Nf3 c5 7. O-O Nc6 8. Rb1 Bd7 9. a3 a5 10. Ne1 Qc8 11. Bg5 Ra6 12. Nc2 Bh3 13. Bxf6 Bxf6 14.
Nd5 Bg7 15. b4 Bxg2 16. Kxg2 axb4 17. axb4 cxb4 18. Ncxb4 Re8 19. Nxa6 bxa6 20. Qa4 e6 21. Rb6 Nd4 22. Nc7 Re7 23. Nxa6 Rb7 24. Rfb1 1-0

[Event "*** Titled Tuesday Blitz"]
[Site "Chess.com"]
[Date "2020.04.21"]
[Round "5"]
[White "crossingthestreet"]
[Black "DanielRensch"]
[Result "0-1"]
[WhiteElo "2257"]
[BlackElo "2487"]
[TimeControl "180+1"]
[EndTime "10:53:35 PDT"]
[Termination "DanielRensch won by resignation"]

1. c4 e5 2. Nc3 Nc6 3. e3 Nf6 4. Nf3 d5 5. cxd5 Nxd5 6. Bb5 Nxc3 7. bxc3 Bd6 8. d4 Bd7 9. O-O O-O 10. Rb1 b6 11.
Be2 Qe7 12. c4 e4 13. Nd2 f5 14. Nb3 f4 15. exf4 Bxf4 16. Bb2 e3 17. f3 Qh4 18. g3 Bxg3 19. hxg3 Qxg3+ 20. Kh1 Rf4 0-1

[Event "*** Titled Tuesday Blitz"]
[Site "Chess.com"]
[Date "2020.04.21"]
[Round "5"]
[White "DACF2905"]
[Black "amelia91"]
[Result "1-0"]
[WhiteElo "2156"]
[BlackElo "1934"]
[TimeControl "180+1"]
[EndTime "10:53:38 PDT"]
[Termination "DACF2905 won by resignation"]

1. e4 c5 2. Nf3 Nc6 3. d4 cxd4 4. Nxd4 d6 5. c4 Nf6 6. Nc3 e6 7. Be3 Be7 8. Be2 O-O 9. O-O a6 10. Rc1 Bd7 11. f3 Rc8 12. Qd2 Ne5 13. b3 Re8 14. h3 Nh5 15. f4 Ng3 16. fxe5 dxe5 17.
Rf3 exd4 18. Bxd4 Nxe2+ 19. Qxe2 Bc6 20. Qf2 f6 21. Bb6 Qd7 22. Rd1 Bd6 23. c5 Bxe4 24.
Rxd6 1-0

[Event "*** Titled Tuesday Blitz"]
[Site "Chess.com"]
[Date "2020.04.21"]
[Round "5"]
[White "chenrip"]
[Black "TV27"]
[Result "0-1"]
[WhiteElo "2362"]
[BlackElo "2146"]
[TimeControl "180+1"]
[EndTime "10:53:42 PDT"]
[Termination "TV27 won by resignation"]

1. e4 c5 2. Nf3 Nc6 3. Bb5 e5 4. Bxc6 dxc6 5. Nxe5 Qd4 6. Nf3 Qxe4+ 7. Qe2 Qxe2+ 8. Kxe2 Bg4 9. Re1 O-O-O 10. d3 Bxf3+ 11.
Kxf3 Bd6 12. h3 Nf6 13. Nc3 h6 14. Bf4 Bxf4 15. Kxf4 Rd4+ 16. Kf3 Rhd8 17. Re7 R8d7 18.
Rae1 c4 19. dxc4 Rxc4 20. Rxd7 Kxd7 21. Rd1+ Kc7 22. Ke3 Rc5 23. f4 Nd5+ 24. Nxd5+ cxd5 25. c3 Kd6 26. g3 h5 27. b3 Rxc3+ 28. Kd4 Rxg3 0-1

[Event "*** Titled Tuesday Blitz"]
[Site "Chess.com"]
[Date "2020.04.21"]
[Round "5"]
[White "hedgehog280"]
[Black "binbin239"]
[Result "1-0"]
[WhiteElo "2655"]
[BlackElo "2440"]
[TimeControl "180+1"]
[EndTime "10:53:44 PDT"]
[Termination "hedgehog280 won by resignation"]

1. c4 Nf6 2. Nc3 d5 3. cxd5 Nxd5 4. g3 g6 5. Bg2 Nxc3 6. bxc3 Bg7 7. Rb1 O-O 8. Rxb7 Bxb7 9. Bxb7 Nd7 10. Bxa8 Qxa8 11.
Nf3 Ne5 12. O-O Nxf3+ 13. exf3 Rd8 14. Qe2 e6 15. d4 c5 16. dxc5 Qd5 17. Be3 Bxc3 18.
Rc1 Ba5 19. Qa6 Bc7 20. Qxa7 Bb8 21. Qb6 Rc8 22. a4 Qxf3 23. c6 1-0

[Event "*** Titled Tuesday Blitz"]
[Site "Chess.com"]
[Date "2020.04.21"]
[Round "5"]
[White "NDePinEsPeRG"]
[Black "axvesik"]
[Result "0-1"]
[WhiteElo "2814"]
[BlackElo "2475"]
[TimeControl "180+1"]
[EndTime "10:53:53 PDT"]
[Termination "axvesik won by resignation"]

1. Nf3 Nf6 2. c4 e6 3. Nc3 d5 4.
e3 a6 5. b3 Be7 6. Bb2 c5 7. cxd5 exd5 8. d4 cxd4 9. Nxd4 Nc6 10. Be2 O-O 11. O-O Nxd4 12. Qxd4 Be6 13. Bf3 Qd7 14.
Rfd1 Rfd8 15. Na4 Qd6 16. Rac1 Rac8 17. Qb6 Qxb6 18. Nxb6 Rc6 19. Rxc6 bxc6 20. Rc1 c5 21. Rd1 c4 22. Bxf6 Bxf6 23. Nxd5 Bxd5 24. Bxd5 c3 25. Bf3 c2 26. Rc1 Rd2 0-1

[Event "*** Titled Tuesday Blitz"]
[Site "Chess.com"]
[Date "2020.04.21"]
[Round "5"]
[White "DrVitman"]
[Black "zmeeed67"]
[Result "1-0"]
[WhiteElo "2540"]
[BlackElo "2384"]
[TimeControl "180+1"]
[EndTime "10:53:54 PDT"]
[Termination "DrVitman won by resignation"]

1. e4 Nc6 2. d4 d5 3. e5 f6 4.
f4 Bf5 5. Nf3 e6 6. Bd3 Be4 7.
O-O Bxf3 8. Qxf3 Nxd4 9. Qh5+ Kd7 10. c4 c6 11. cxd5 cxd5 12. Nc3 Ne7 13. exf6 gxf6 14.
f5 e5 15. Qf7 Qe8 16. Qxf6 Rg8 17. Qxe5 Ndc6 18. Qe6+ Kd8 19. f6 1-0

[Event "*** Titled Tuesday Blitz"]
[Site "Chess.com"]
[Date "2020.04.21"]
[Round "5"]
[White "LuisFSiles"]
[Black "RiskyDecision"]
[Result "0-1"]
[WhiteElo "2271"]
[BlackElo "2532"]
[TimeControl "180+1"]
[EndTime "10:54:04 PDT"]
[Termination "RiskyDecision won by resignation"]

1. e4 c5 2. Nf3 e6 3. c3 Nf6 4. e5 Nd5 5. Bc4 d6 6. d4 cxd4 7. cxd4 Bd7 8. O-O Bc6 9. Nc3 Nxc3 10. bxc3 Nd7 11. Re1 Rc8 12. exd6 Bxf3 13. Qxf3 Rxc4 14. d5 e5 15. Ba3 Ra4 16. c4 Qa5 17. Qf5 Rxa3 18.
Rxe5+ Nxe5 19. Qc8+ Qd8 20. d7+ Nxd7 21. Re1+ Be7 0-1

[Event "*** Titled Tuesday Blitz"]
[Site "Chess.com"]
[Date "2020.04.21"]
[Round "5"]
[White "regular_legs"]
[Black "Jadro9"]
[Result "1-0"]
[WhiteElo "2569"]
[BlackElo "2699"]
[TimeControl "180+1"]
[EndTime "10:54:07 PDT"]
[Termination "regular_legs won by resignation"]

1. d4 d5 2. c4 e6 3. Nc3 a6 4. cxd5 exd5 5. Bf4 Nf6 6. e3 Bd6 7. Bxd6 Qxd6 8. Bd3 O-O 9. Nge2 Bg4 10. O-O Bh5 11.
Rc1 c6 12. Qc2 Bg6 13. Nf4 Nbd7 14. a3 a5 15. Rb1 Rfe8 16. Rfc1 Bxd3 17. Qxd3 a4 18.
Qc2 b5 19. Na2 Rac8 20. Nb4 c5 21. dxc5 Nxc5 22. Nbd3 Nfe4 23. f3 Nxd3 24. Qxc8 Nf6 25. Nxd3 h5 26. Qc5 Qd7 27. Qd4 1-0

[Event "*** Titled Tuesday Blitz"]
[Site "Chess.com"]
[Date "2020.04.21"]
[Round "5"]
[White "AliKa2810"]
[Black "Blitzking642"]
[Result "1-0"]
[WhiteElo "2589"]
[BlackElo "2417"]
[TimeControl "180+1"]
[EndTime "10:54:12 PDT"]
[Termination "AliKa2810 won by resignation"]

1. d4 Nf6 2. c4 g6 3. Nc3 d5 4. Bg5 Bg7 5. Bxf6 Bxf6 6. cxd5 O-O 7. e4 c6 8. e5 Bg7 9. Bc4 b5 10. Bb3 b4 11. Nce2 cxd5 12. Nf3 a5 13. O-O Ba6 14. Rc1 e6 15. Qd2 Nd7 16. h4 Nb6 17. h5 Nc4 18. Bxc4 Bxc4 19. h6 Bh8 20. b3 Ba6 21. Rc5 Qb6 22.
Rfc1 Rfc8 23. Ng3 f6 24. exf6 Bxf6 25. Qf4 Be7 26. Rxc8+ Rxc8 27. Rxc8+ Bxc8 28. Ne5 1-0

[Event "*** Titled Tuesday Blitz"]
[Site "Chess.com"]
[Date "2020.04.21"]
[Round "5"]
[White "harrisonchess21"]
[Black "renehp"]
[Result "1-0"]
[WhiteElo "2626"]
[BlackElo "2436"]
[TimeControl "180+1"]
[EndTime "10:54:16 PDT"]
[Termination "harrisonchess21 won by resignation"]

1. e4 c5 2. b3 Nc6 3. Bb2 d6 4. f4 Nf6 5. Nc3 e6 6. Nf3 Be7 7. d4 cxd4 8. Nxd4 O-O 9. Nxc6 bxc6 10. Qf3 d5 11. O-O-O Qa5 12. Kb1 Bb4 13. g4 dxe4 14. Nxe4 Nd5 15. Bd3 f5 16. gxf5 exf5 17. Rhg1 g6 18.
Qh5 Nxf4 19. Qh6 Rf7 20. Nf6+ Rxf6 21. Bxf6 Ne6 22. Bc4 Bf8 23. Rxg6+ Kf7 24. Qxh7+ Ke8 25. Qg8 1-0

[Event "*** Titled Tuesday Blitz"]
[Site "Chess.com"]
[Date "2020.04.21"]
[Round "5"]
[White "GOGIEFF"]
[Black "FCChelsea14"]
[Result "1-0"]
[WhiteElo "2961"]
[BlackElo "2761"]
[TimeControl "180+1"]
[EndTime "10:54:18 PDT"]
[Termination "GOGIEFF won by resignation"]

1. d4 Nf6 2. c4 e6 3. Nc3 Bb4 4. e3 O-O 5. Bd3 d5 6. Nf3 c5 7.
O-O cxd4 8. exd4 dxc4 9. Bxc4 Nbd7 10. Bg5 h6 11. Bh4 Bxc3 12. bxc3 Qa5 13. Rc1 b6 14.
Re1 Bb7 15. Ne5 Rac8 16. Qd3 Nxe5 17. Rxe5 Nd5 18. h3 b5 19. Bxd5 Bxd5 20. Be7 Rfe8 21. Bc5 a6 22. a3 f6 23. Re3 Qc7 24. Rce1 f5 25. Re5 Qd7 26. Qg3 Kh7 27. h4 Qf7 28. f3 Red8 29. Qf4 Rg8 30. Qg3 g5 31. Rxd5 exd5 32. Re7 Qxe7 33. Bxe7 Rxc3 34. hxg5 1-0

[Event "*** Titled Tuesday Blitz"]
[Site "Chess.com"]
[Date "2020.04.21"]
[Round "5"]
[White "GmSergioBarrientos"]
[Black "MFguimaraes"]
[Result "1-0"]
[WhiteElo "2581"]
[BlackElo "2408"]
[TimeControl "180+1"]
[EndTime "10:54:19 PDT"]
[Termination "GmSergioBarrientos won on time"]

1. d4 d5 2. c4 e6 3. Nf3 Nf6 4.
Nc3 Be7 5. Bg5 dxc4 6. e4 h6 7. Bxf6 Bxf6 8. Bxc4 c5 9. e5 Be7 10. d5 exd5 11. Nxd5 Be6 12. O-O Nc6 13. Qd2 O-O 14. Rfd1 Re8 15. Qe3 Bxd5 16. Bxd5 Qc7 17. Qe4 Rad8 18.
h3 a6 19. a3 Rd7 20. Bxf7+ Kxf7 21. e6+ 1-0

[Event "*** Titled Tuesday Blitz"]
[Site "Chess.com"]
[Date "2020.04.21"]
[Round "5"]
[White "StegariuVlad"]
[Black "chessfrendz"]
[Result "1-0"]
[WhiteElo "2518"]
[BlackElo "2339"]
[TimeControl "180+1"]
[EndTime "10:54:24 PDT"]
[Termination "StegariuVlad won by resignation"]

1. e4 e5 2. Nf3 Nc6 3. Bb5 a6 4. Ba4 Nf6 5. O-O b5 6. Bb3 Be7 7. d4 exd4 8. e5 Ne4 9. Bd5 Nc5 10. Nxd4 Bb7 11. Nf5 O-O 12. Bh6 Nxe5 13. Bxb7 Nxb7 14. Bxg7 Bf6 15. Bxf8 Qxf8 16. Nc3 d6 17. f4 Ng6 18.
Qg4 Bxc3 19. bxc3 Kh8 20. Rae1 Nc5 21. h4 Ne6 22. h5 Ne7 23. Nxe7 Qxe7 24. f5 Qg5 25. Qf3 Rg8 26. fxe6 1-0

[Event "*** Titled Tuesday Blitz"]
[Site "Chess.com"]
[Date "2020.04.21"]
[Round "5"]
[White "TudorAnton"]
[Black "Akhayan"]
[Result "1-0"]
[WhiteElo "2529"]
[BlackElo "2268"]
[TimeControl "180+1"]
[EndTime "10:54:24 PDT"]
[Termination "TudorAnton won by resignation"]

1. d4 Nf6 2. c4 e6 3. Nc3 d5 4. Bg5 Be7 5. e3 O-O 6. Nf3 h6 7. Bh4 Ne4 8. Bxe7 Qxe7 9. Qb3 Nxc3 10. Qxc3 c6 11. Rd1 Nd7 12. Be2 dxc4 13. Qxc4 e5 14.
O-O Re8 15. Qb3 exd4 16. Nxd4 Nc5 17. Qa3 Ne4 18. Qxe7 Rxe7 19. Bf3 Nf6 20. Rd2 Bg4 21. Bxg4 Nxg4 22. Rfd1 g6 23. h3 Ne5 24. b3 Rae8 25.
f4 Nd7 26. Nxc6 bxc6 27. Rxd7 Rxe3 28. Rxa7 Re2 29. Rdd7 Rc2 30. Rxf7 Ree2 31. Rg7+ Kh8 32. Rxg6 Rxa2 33. Rxh6+ Kg8 34. Rxa2 Rxa2 35. Rxc6 1-0

[Event "*** Titled Tuesday Blitz"]
[Site "Chess.com"]
[Date "2020.04.21"]
[Round "5"]
[White "calin_dragomirescu"]
[Black "DucksParadise"]
[Result "1-0"]
[WhiteElo "2303"]
[BlackElo "2066"]
[TimeControl "180+1"]
[EndTime "10:54:25 PDT"]
[Termination "calin_dragomirescu won by resignation"]

1. Nf3 c5 2. c4 g6 3. d4 cxd4 4. Nxd4 Bg7 5. Nc3 Nc6 6. e3 Nf6 7. Be2 O-O 8. O-O Nxd4 9. exd4 d5 10. c5 b6 11. b4 a5 12. b5 bxc5 13. dxc5 Ne4 14.
Nxe4 Bxa1 15. Bh6 Bg7 16. Bxg7 Kxg7 17. Qd4+ f6 18. Nc3 e5 19. Qxd5 Qxd5 20. Nxd5 Be6 21.
Nc7 Bxa2 22. Nxa8 Rxa8 23. Ra1 Be6 24. b6 Bd5 25. Rd1 Bc6 26. Rd6 a4 27. Rxc6 a3 28. Bc4 a2 29. Bxa2 Rxa2 30. g3 Kf7 31. b7 1-0

[Event "*** Titled Tuesday Blitz"]
[Site "Chess.com"]
[Date "2020.04.21"]
[Round "5"]
[White "SHIVACalypso"]
[Black "AlhosaniOmran1"]
[Result "1-0"]
[WhiteElo "2234"]
[BlackElo "2354"]
[TimeControl "180+1"]
[EndTime "10:54:30 PDT"]
[Termination "SHIVACalypso won by resignation"]

1. Nf3 Nf6 2. c4 g6 3. g3 Bg7 4. Bg2 O-O 5. O-O d5 6. d4 dxc4 7. Na3 c3 8. bxc3 c5 9. Re1 cxd4 10. cxd4 Nc6 11. Bb2 Be6 12. e4 Bg4 13. h3 Bxf3 14. Bxf3 Nd7 15. e5 e6 16. Nc4 Nb6 17. Nd6 Qd7 18.
Rc1 Nd5 19. Ba3 Rfd8 20. Qb3 Nxd4 21. Qd3 Nxf3+ 22. Qxf3 Bf8 23. Red1 Bxd6 24. Bxd6 Rac8 25. h4 Rxc1 26. Rxc1 Rc8 27. Rb1 Rc3 28. Qe4 Qc6 29. h5 Rc1+ 30. Rxc1 Qxc1+ 31. Kg2 Qd2 32. Qh4 Ne3+ 33.
Kf3 Nf5 34. Qd8+ 1-0

[Event "*** Titled Tuesday Blitz"]
[Site "Chess.com"]
[Date "2020.04.21"]
[Round "5"]
[White "TigrVShlyape"]
[Black "Tashik"]
[Result "1-0"]
[WhiteElo "2855"]
[BlackElo "2547"]
[TimeControl "180+1"]
[EndTime "10:54:31 PDT"]
[Termination "TigrVShlyape won by resignation"]

1. d4 Nf6 2. Nf3 d5 3. Bf4 e6 4. e3 Bd6 5. Bg3 O-O 6. Nbd2 c5 7. c3 Qc7 8. Ne5 Nbd7 9. f4 Ne4 10. Nxe4 dxe4 11. Nc4 Be7 12. f5 Qc6 13. fxe6 Qxe6 14.
Be2 Bg5 15. d5 Qh6 16. O-O b5 17. Nd6 Bxe3+ 18. Kh1 Nf6 19. Nxb5 Bd7 20. Nd6 Qg5 21. Nc4 Rfd8 22. Nxe3 Qxe3 23. Bf4 1-0

[Event "*** Titled Tuesday Blitz"]
[Site "Chess.com"]
[Date "2020.04.21"]
[Round "5"]
[White "Mikhail_Biryukov"]
[Black "Alexander_Donchenko"]
[Result "0-1"]
[WhiteElo "2668"]
[BlackElo "2805"]
[TimeControl "180+1"]
[EndTime "10:54:32 PDT"]
[Termination "Alexander_Donchenko won by resignation"]

1. e4 c6 2. d4 d5 3. Nd2 dxe4 4. Nxe4 Bf5 5. Nc5 e5 6. Nxb7 Qb6 7. Nc5 exd4 8. Nb3 Bb4+ 9. Bd2 Nf6 10. Bd3 Bxd3 11. cxd3 O-O 12. Ne2 c5 13. Bxb4 Qxb4+ 14. Qd2 Qb6 15. Rc1 Nbd7 16. Na5 Rfe8 17. Nc4 Qe6 18. Rc2 Nb6 19. O-O Nxc4 20. dxc4 Rad8 21. Nf4 Qa6 22.
a3 d3 23. Rcc1 Ne4 24. Qe3 d2 25. Rcd1 Qxc4 26. Nh3 h6 27. Qf4 Qd4 28. b3 Nc3 0-1

[Event "*** Titled Tuesday Blitz"]
[Site "Chess.com"]
[Date "2020.04.21"]
[Round "5"]
[White "Gandrade2"]
[Black "aaronmaster123"]
[Result "0-1"]
[WhiteElo "1964"]
[BlackElo "2293"]
[TimeControl "180+1"]
[EndTime "10:54:32 PDT"]
[Termination "aaronmaster123 won by resignation"]

1. d4 Nf6 2. c4 a6 3. Nc3 c5 4. d5 b5 5. cxb5 axb5 6. Nxb5 Ba6 7. Nc3 g6 8. g3 Bg7 9. Bg2 d6 10. Nf3 O-O 11. O-O Nbd7 12. Rb1 Qa5 13.
Bd2 Rfb8 14. Qc2 Ng4 15. Rfe1 Nge5 16. b3 Nxf3+ 17. Bxf3 Ne5 18. a4 Qb6 19. Bg2 Ra7 20. h3 Rab7 21. Kh1 Nd7 22. e4 Ne5 23. f4 Nd3 24.
Re3 Nb4 25. Qd1 Bd4 26. Re1 Nd3 27. Rg1 Nf2+ 0-1

[Event "*** Titled Tuesday Blitz"]
[Site "Chess.com"]
[Date "2020.04.21"]
[Round "5"]
[White "otrov-11"]
[Black "Vice64"]
[Result "0-1"]
[WhiteElo "2367"]
[BlackElo "2528"]
[TimeControl "180+1"]
[EndTime "10:54:34 PDT"]
[Termination "Vice64 won by resignation"]

1. d4 Nf6 2. c4 e6 3. Nf3 c5 4.
d5 d6 5. Nc3 g6 6. e4 Bg7 7. h3 exd5 8. cxd5 O-O 9. Be2 a6 10. a4 Re8 11. Nd2 Nbd7 12. O-O h6 13. Qc2 g5 14. Nc4 Ne5 15. f4 Nxc4 16. Bxc4 gxf4 17.
Bxf4 Nh5 18. Bh2 Bd4+ 19. Kh1 Qg5 20. Ne2 Be5 21. g4 Bxg4 22. hxg4 Qh4 23. Ng1 Ng3+ 24. Kg2 Nxf1 0-1

[Event "*** Titled Tuesday Blitz"]
[Site "Chess.com"]
[Date "2020.04.21"]
[Round "5"]
[White "DanilNajdin"]
[Black "cukin84"]
[Result "1-0"]
[WhiteElo "2381"]
[BlackElo "2132"]
[TimeControl "180+1"]
[EndTime "10:54:35 PDT"]
[Termination "DanilNajdin won by resignation"]

1. d4 f5 2. Bg5 h6 3. Bh4 g5 4. Bg3 Nf6 5. e3 d6 6. h4 Bg7 7. hxg5 hxg5 8. Rxh8+ Bxh8 9. Bd3 e6 10. Nh3 g4 11. Nf4 Nc6 12. Bh4 Qe7 13. d5 Ne5 14. dxe6 Bxe6 15. Nxe6 Qxe6 16. Nc3 O-O-O 17. Nb5 a6 18. Nd4 Nxd3+ 19. Qxd3 Qe4 20. Qxe4 fxe4 21. Ke2 Rf8 22. Rh1 Nd5 23. Ne6 Re8 24. Nd4 Bxd4 25.
exd4 e3 26. Bg3 exf2+ 27. Kxf2 Ne3 28. Re1 Nd1+ 29. Rxd1 Kd7 30. Re1 Rf8+ 31. Ke3 Re8+ 32. Kd3 1-0

[Event "*** Titled Tuesday Blitz"]
[Site "Chess.com"]
[Date "2020.04.21"]
[Round "5"]
[White "Keks2017"]
[Black "Skatchkov_V"]
[Result "0-1"]
[WhiteElo "2393"]
[BlackElo "2559"]
[TimeControl "180+1"]
[EndTime "10:54:36 PDT"]
[Termination "Skatchkov_V won by resignation"]

1. e4 e5 2. Nf3 Nf6 3. Nxe5 d6 4.
Nf3 Nxe4 5. Nc3 Nxc3 6. dxc3 Be7 7. Be3 O-O 8. Qd2 Nd7 9. O-O-O Nf6 10. Bd3 c5 11. h3 b5 12. c4 Be6 13. Qe2 Qa5 14.
Kb1 bxc4 15. Bxc4 d5 16. Bd2 Qb6 17. Bb3 c4 18. Ba4 Rfb8 19. Bc3 Qa6 20. Nd4 Ne4 21. Qe1 Qxa4 22. Nxe6 fxe6 23. f3 Nxc3+ 0-1

[Event "*** Titled Tuesday Blitz"]
[Site "Chess.com"]
[Date "2020.04.21"]
[Round "5"]
[White "OhanyanEminChess"]
[Black "robertofabregas"]
[Result "1-0"]
[WhiteElo "2496"]
[BlackElo "2105"]
[TimeControl "180+1"]
[EndTime "10:54:39 PDT"]
[Termination "OhanyanEminChess won by resignation"]

1. e4 c5 2. Nf3 d6 3. d4 cxd4 4. Nxd4 Nf6 5. Nc3 a6 6. Bc4 e6 7.
Bb3 Nc6 8. f4 Qc7 9. O-O Be7 10.
Be3 b5 11. f5 e5 12. Nxc6 Qxc6 13. Nd5 Bb7 14. Nxf6+ gxf6 15. Bd5 Qc7 16. c3 Bxd5 17.
Qxd5 Rc8 18. a4 Qc4 19. axb5 axb5 20. Ra7 Qxd5 21. exd5 O-O 22. Rxe7 Ra8 23. Rf3 Ra2 24. Rg3+ Kh8 25. Bh6 Rfa8 26. Rxf7 1-0

[Event "*** Titled Tuesday Blitz"]
[Site "Chess.com"]
[Date "2020.04.21"]
[Round "5"]
[White "Munkhzul_Turmunkh"]
[Black "gurelediz"]
[Result "1-0"]
[WhiteElo "2484"]
[BlackElo "2597"]
[TimeControl "180+1"]
[EndTime "10:54:42 PDT"]
[Termination "Munkhzul_Turmunkh won by resignation"]

1. e4 c5 2. Nf3 d6 3. d4 cxd4 4. Nxd4 Nf6 5. Nc3 a6 6. Be3 e5 7. Nb3 Be6 8. f3 Be7 9. Qd2 O-O 10. O-O-O Nbd7 11. g4 b5 12. g5 b4 13. Ne2 Ne8 14. f4 exf4 15. Bxf4 Ne5 16. Ned4 Bc4 17. Nc6 Qc7 18. Nxe7+ Qxe7 19. Bxe5 Bxf1 20. Bf6 gxf6 21. gxf6 Qxf6 22. Rhxf1 Qe5 23. Qh6 Nc7 24. Rf5 Qg7 25.
Rg5 1-0

[Event "*** Titled Tuesday Blitz"]
[Site "Chess.com"]
[Date "2020.04.21"]
[Round "5"]
[White "Frogo47"]
[Black "fridaywins"]
[Result "0-1"]
[WhiteElo "2477"]
[BlackElo "2310"]
[TimeControl "180+1"]
[EndTime "10:54:44 PDT"]
[Termination "fridaywins won by resignation"]

1. e4 e5 2. Nf3 Nc6 3. Bb5 a6 4. Ba4 Nf6 5. O-O Be7 6. Re1 b5 7. Bb3 d6 8. c3 O-O 9. h3 Na5 10. Bc2 c5 11. d4 Nd7 12. Nbd2 cxd4 13.
cxd4 Nc6 14. Nb3 Bf6 15. Be3 a5 16. a4 bxa4 17. Rxa4 Nb6 18. Ra1 Nc4 19. Bc1 exd4 20. Nbxd4 Nxd4 21. Nxd4 Qb6 22. e5 dxe5 23. Qd3 g6 24.
Qxc4 Qxd4 25. Bh6 Qxc4 0-1

[Event "*** Titled Tuesday Blitz"]
[Site "Chess.com"]
[Date "2020.04.21"]
[Round "5"]
[White "GM4life"]
[Black "keepitcool9499"]
[Result "1-0"]
[WhiteElo "2191"]
[BlackElo "2387"]
[TimeControl "180+1"]
[EndTime "10:54:48 PDT"]
[Termination "GM4life won by checkmate"]

1. e4 e6 2. d4 d5 3. Nc3 Nf6 4.
e5 Nfd7 5. f4 c5 6. Nf3 Nc6 7. Be3 a6 8. Qd2 b5 9. dxc5 Bxc5 10. Bd3 Qb6 11. Bf2 Bxf2+ 12. Qxf2 Nc5 13. O-O b4 14. Ne2 Rb8 15. Ned4 Bd7 16. Rfe1 Nxd4 17. Nxd4 Bb5 18. Nxb5 axb5 19. Re3 g6 20. Kh1 Nxd3 21.
cxd3 O-O 22. Rae1 Rfc8 23. Qh4 Rc2 24. f5 exf5 25. e6 fxe6 26. Rxe6 Qf2 27. Re8+ Rxe8 28. Rxe8+ Kg7 29. Re7+ Kg8 30. Qxh7+ Kf8 31. Qf7# 1-0

[Event "*** Titled Tuesday Blitz"]
[Site "Chess.com"]
[Date "2020.04.21"]
[Round "5"]
[White "MarcoRiehle"]
[Black "GMKrikor"]
[Result "1-0"]
[WhiteElo "2612"]
[BlackElo "2723"]
[TimeControl "180+1"]
[EndTime "10:54:49 PDT"]
[Termination "MarcoRiehle won by resignation"]

1. e4 c5 2. a3 g6 3. h4 Bg7 4. h5 Nc6 5. Nc3 d6 6. Bc4 e6 7. d3 Nge7 8. Nf3 d5 9. Ba2 Bxc3+ 10.
bxc3 dxe4 11. dxe4 Qxd1+ 12. Kxd1 b6 13. hxg6 Nxg6 14.
Bg5 Bb7 15. Bf6 Rg8 16. Ng5 Nf8 17. Nxh7 Nxh7 18. Rxh7 Rxg2 19. Ke2 Ne7 20. Bxe6 fxe6 21.
Rxe7+ 1-0

[Event "*** Titled Tuesday Blitz"]
[Site "Chess.com"]
[Date "2020.04.21"]
[Round "5"]
[White "Nara_Kh"]
[Black "AlanZhang"]
[Result "1-0"]
[WhiteElo "2352"]
[BlackElo "2169"]
[TimeControl "180+1"]
[EndTime "10:54:50 PDT"]
[Termination "Nara_Kh won by resignation"]

1. e4 e5 2. Nf3 Nc6 3. Bb5 a6 4. Ba4 Nf6 5. O-O Ke7 6. Bxc6 dxc6 7. Nxe5 Be6 8. Nc3 g6 9. b3 Bg7 10. Ba3+ Ke8 11. d4 Nd7 12. f4 c5 13. Nf3 cxd4 14.
Nxd4 c5 15. Nxe6 fxe6 16. Bb2 Qa5 17. e5 Rd8 18. Qg4 Kf7 19. Ne4 Nf8 20. Rad1 1-0

[Event "*** Titled Tuesday Blitz"]
[Site "Chess.com"]
[Date "2020.04.21"]
[Round "5"]
[White "volcanoexplorer"]
[Black "Dyadya81"]
[Result "0-1"]
[WhiteElo "2492"]
[BlackElo "2656"]
[TimeControl "180+1"]
[EndTime "10:54:51 PDT"]
[Termination "Dyadya81 won by resignation"]

1. e4 c6 2. d4 d5 3. f3 dxe4 4. fxe4 e5 5. Nf3 Bg4 6. Bc4 Nd7 7. O-O Ngf6 8. c3 Bd6 9. h3 Bh5 10. Bg5 Qc7 11. Nbd2 O-O 12. Qc2 Rae8 13. Rae1 b5 14. Bd3 a6 15. a4 Bg6 16. Nh4 Nh5 17. Nf5 Bxf5 18. Rxf5 exd4 19. cxd4 Bh2+ 20. Kh1 Ng3+ 21. Kxh2 Nxf5+ 22. e5 Nxd4 23. Bxh7+ Kh8 24. Qc3 Nxe5 25. Bf4 Nef3+ 26. Nxf3 Qxf4+ 27. g3 Nxf3+ 0-1

[Event "*** Titled Tuesday Blitz"]
[Site "Chess.com"]
[Date "2020.04.21"]
[Round "5"]
[White "canhhuan"]
[Black "joppie2"]
[Result "0-1"]
[WhiteElo "2655"]
[BlackElo "2929"]
[TimeControl "180+1"]
[EndTime "10:54:52 PDT"]
[Termination "joppie2 won by resignation"]

1. e4 c5 2. Nc3 d6 3. d4 cxd4 4. Qxd4 Nc6 5. Bb5 Bd7 6. Bxc6 Bxc6 7. Nf3 e5 8. Qd3 Be7 9. h3 Nf6 10. Bg5 h6 11. Bxf6 Bxf6 12. O-O-O Be7 13. Nd5 O-O 14. Rhe1 Bxd5 15. Qxd5 Qb6 16. Rd2 Rac8 17. Kb1 Rc5 18. Qb3 Rb5 19. Qc3 d5 20. Rxd5 Rxd5 21. exd5 Bb4 22. Qxe5 Bxe1 23. Qxe1 Rd8 24. c4 Qg6+ 25.
Ka1 Qxg2 26. Qe7 Rc8 27. Nd2 Qxf2 28. Qxb7 Re8 29. Nb1 Re1 30. Qc8+ Kh7 31. d6 Qc2 0-1

[Event "*** Titled Tuesday Blitz"]
[Site "Chess.com"]
[Date "2020.04.21"]
[Round "5"]
[White "KrolPawel92OnTwitch"]
[Black "evgenyermolaev"]
[Result "1-0"]
[WhiteElo "2696"]
[BlackElo "2482"]
[TimeControl "180+1"]
[EndTime "10:54:52 PDT"]
[Termination "KrolPawel92OnTwitch won by resignation"]

1. e4 c5 2. Nf3 d6 3. g3 Nf6 4. c3 g6 5. Bg2 Bg7 6. O-O O-O 7. Re1 Nc6 8. d4 cxd4 9. cxd4 Bg4 10. Nc3 Nd7 11. Be3 Nb6 12. Qd3 Bxf3 13. Bxf3 Rc8 14. Bg4 Nb4 15. Qe2 e6 16. a3 Nc6 17. d5 Ne5 18. dxe6 Nxg4 19. Qxg4 fxe6 20. Qxe6+ Kh8 21. Rad1 Nc4 22. Bc1 Qb6 23. Re2 Bd4 24. Nd5 Bxf2+ 25.
Kg2 Qc5 26. b4 Qc6 27. Rxf2 Rxf2+ 28. Kxf2 Ne5 29. Qf6+ 1-0

[Event "*** Titled Tuesday Blitz"]
[Site "Chess.com"]
[Date "2020.04.21"]
[Round "5"]
[White "kingofthenil"]
[Black "Azatnew"]
[Result "0-1"]
[WhiteElo "2530"]
[BlackElo "2776"]
[TimeControl "180+1"]
[EndTime "10:54:52 PDT"]
[Termination "Azatnew won by checkmate"]

1. d4 Nf6 2. c4 g6 3. Nc3 Bg7 4. Nf3 O-O 5. Bg5 c5 6. d5 e6 7. e3 exd5 8. cxd5 d6 9. Be2 Na6 10. O-O Nc7 11. a4 Rb8 12. e4 Re8 13. Nd2 a6 14. a5 b5 15. axb6 Rxb6 16. Nc4 Rb4 17. f3 Nb5 18. Na5 Rxb2 19. Na4 Rxe2 20. Nc6 Rxg2+ 21. Kxg2 Qd7 22. Nb6 Qh3+ 23. Kg1 Nxe4 24.
fxe4 Rxe4 25. Nxc8 Rg4+ 26. Kh1 Qg2# 0-1